Description

nmary

VOD

https://youtu.be/bBNNwgXpV4k

Replay - Dark v Maru: Game 6 - [ESL] Tropical Sacrifice

Build Order

Get SALT Encoding   

  12  0:00  SCV  
  13  0:12  SCV  
  14  0:17  Supply Depot  
  14  0:24  SCV  
  15  0:39  SCV  
  15  0:40  Barracks  
  16  0:44  Refinery  
  16  0:51  SCV  
  17  1:03  SCV  
  18  1:15  SCV  
  19  1:27  Orbital Command, Marine  
  20  1:41  Command Center  
  20  1:51  Factory  
  20  1:55  SCV  
  21  2:04  Barracks Reactor  
  21  2:07  SCV  
  22  2:10  Supply Depot  
  22  2:14  Refinery  
  22  2:19  SCV  
  23  2:35  Hellion  
  26  2:40  Starport  
  26  2:41  Marine x2  
  29  2:53  Orbital Command  
  29  2:57  Widow Mine  
  32  3:00  Marine x2  
  35  3:17  Supply Depot, Medivac  
  39  3:29  Hellion x2  
  39  3:30  Marine  
  45  3:40  Supply Depot  
  46  3:47  Starport Tech Lab  
  46  3:49  Barracks Tech Lab  
  46  3:53  Hellion x2  
  52  4:04  Supply Depot  
  52  4:05  Raven  
  56  4:10  Marine  
  56  4:11  Stimpack  
  60  4:32  Barracks x2  
  61  4:41  Factory Reactor  
  63  4:47  Engineering Bay  
  59  4:57  Refinery  
  61  5:01  Starport Reactor  
  61  5:05  Marine  
  66  5:22  Terran Infantry Weapons Level 1  
  66  5:27  Marine x2  
  71  5:37  Medivac, Siege Tank  
  77  5:48  Medivac  
  84  5:52  Barracks x2  
  84  5:54  Combat Shield  
  85  5:59  Refinery  
  89  6:10  Siege Tank  
  94  6:25  Medivac  
  101  6:34  Medivac  
  97  7:01  Medivac  
  97  7:04  Siege Tank  
  106  7:11  Medivac  
  115  7:36  Siege Tank  
  121  7:49  Medivac  
  129  8:08  Siege Tank  
Spawning Tool Build Advisor. Get it on Overwolf

Go to:

Details

  • Created by: neoaer
  • Published on: Sep 18, 2022
  • Modified on: Sep 18, 2022
  • Patch: 4.11.0
  • Difficulty: Medium
Show
View Real Time Build Order
Export as new Build Order

Comments (0)

There are no comments. Be the first!

Create an account to comment!